 Dungeon Crawl Stone Soup version 0.19.4-25-g1b72edd (webtiles) character file.

109 galech the Skirmisher (level 4, -1/49 HPs)
             Began as an Ogre Fighter on Feb 28, 2017.
             Succumbed to an orc wizard's poison
             ... on level 3 of the Dungeon.
             The game lasted 00:04:26 (1530 turns).

galech the Skirmisher (Ogre Fighter)                Turns: 1530, Time: 00:04:27

Health: -1/49      AC:  4    Str: 22    XL:     4   Next: 89%
Magic:  4/4        EV:  9    Int:  7    God:
Gold:   90         SH:  8    Dex:  9    Spells: 0 memorised, 3 levels left

rFire  . . .     SeeInvis .     a - +0 flail
rCold  . . .     Gourm    .     b - +0 robe
rNeg   . . .     Faith    .     c - +0 shield
rPois  .         Spirit   .     (helmet restricted)
rElec  .         Reflect  .     j - +0 cloak
rCorr  .         Harm     .     (gloves unavailable)
MR     .....                    (boots unavailable)
Stlth  +.........               (no amulet)
                                (no ring)
                                (no ring)

@: lethally poisoned (-1 -> -47)
A: unfitting armour, tough skin 1
a: no special abilities


You were on level 3 of the Dungeon.
You were not hungry.

You visited 1 branch of the dungeon, and saw 3 of its levels.

You collected 90 gold pieces.

Inventory:

Hand Weapons
 a - a +0 flail (weapon)
Armour
 b - a +0 robe (worn)
 c - a +0 shield (worn)
 j - a +0 cloak (worn)
Scrolls
 e - a scroll of random uselessness {unknown}
 m - 4 scrolls of remove curse {unknown}
 n - a scroll of fear {unknown}
 p - 2 scrolls of noise {unknown}
 r - a scroll of recharging {unknown}
 t - 2 scrolls of enchant armour {unknown}
 u - a scroll of amnesia {unknown}
 v - a scroll of identify {unknown}
Potions
 d - a potion of might
 i - 2 potions of curing {unknown}
 k - a potion of lignification {unknown}
 l - a potion of heal wounds
 q - a potion of degeneration {unknown}
 s - 3 potions of haste {unknown}
Comestibles
 f - 2 bread rations
 g - 3 fruits
 o - a beef jerky


   Skills:
 + Level 4.3 Fighting
 + Level 4.3 Maces & Flails
 + Level 3.3 Dodging
 + Level 0.4 Stealth
 + Level 3.3 Shields


You had 3 spell levels left.
You didn't know any spells.

Dungeon Overview and Level Annotations

Branches:
Dungeon (3/15)

Altars:
Cheibriados
Fedhas
Nemelex Xobeh


Innate Abilities, Weirdness & Mutations

You are too large for most types of armour.
You have tough skin. (AC +1)


Message History

The orc wizard hits you with a dagger of venom.
You are more poisoned.
You closely miss the orc wizard.
* * * LOW HITPOINT WARNING * * *
You feel very sick. You block the orc wizard's attack.
You hit the orc wizard.
The orc wizard is heavily wounded.
* * * LOW HITPOINT WARNING * * *
You feel very sick.
The orc wizard hits you but does no damage.
You hit the orc wizard.
The orc wizard is severely wounded.
* * * LOW HITPOINT WARNING * * *
You feel very sick.
The orc wizard hits you but does no damage.
You are more poisoned.
You hit the orc wizard.
The orc wizard is almost dead.
You die...

#.###.#..... #..
#.##........#
#.###.#
#..†.........
.......
####..#......
#.###.# #..#.....#
#.
...####.....(...
#.#
#...............
#..
.....##.#####...
### #..# #@# #...
### .. #o# #...
#.. #o# #... #.#
wo#####..†######)#
#S..(...(......<.#
..................
..%.............##
..#####...#######
#...


You could see a worm, an orc wizard, an adder and 2 orcs.

Vanquished Creatures
  A worker ant (D:3)
  2 adders
  4 orcs (D:3)
  6 bats
  A giant cockroach (D:1)
  9 goblins
  6 hobgoblins
  2 quokkas
  A ball python (D:2)
  5 frilled lizards
  6 kobolds
  5 rats
48 creatures vanquished.

Vanquished Creatures (others)
  An orc wizard (D:3)
1 creature vanquished.

Grand Total: 49 creatures vanquished

Notes
Turn   | Place    | Note
-------+----------+-------------------------------------------
     0 | D:1      | galech the Ogre Fighter began the quest for the Orb.
     0 | D:1      | Reached XP level 1. HP: 24/24 MP: 1/1
    87 | D:1      | Reached XP level 2. HP: 20/32 MP: 2/2
   551 | D:2      | Reached XP level 3. HP: 39/39 MP: 3/3
   720 | D:2      | Found a snail-covered altar of Cheibriados.
   721 | D:2      | Found a sparkling altar of Nemelex Xobeh.
   947 | D:2      | Found a blossoming altar of Fedhas.
  1145 | D:3      | Reached XP level 4. HP: 30/48 MP: 4/4
  1530 | D:3      | Succumbed to an orc wizard's poison

Skill      XL: |  1  2  3 |
---------------+----------+-----
Maces & Flails | 3 4 |  4.3
Dodging        | 3 |  3.3
Shields        | 3 |  3.3
Fighting       | |  4.3
Stealth        | |  0.4

Action                   |  1- 3 |  4- 6 || total
-------------------------+-------+-------++-------
Melee: Flail             |   134 |    59 ||   193
  Use: Potion            |       |     1 ||     1
 Stab: Sleeping          |     1 |       ||     1
  Eat: Chunk             |     1 |     1 ||     2
Armor: Robe              |    44 |     9 ||    53
Dodge: Dodged            |    44 |    25 ||    69
Block: Shield            |    74 |    20 ||    94
